 Dungeon Crawl Stone Soup version 0.29.1 (webtiles) character file.

Game seed: 1806700425607324717

540 H0rd4k the Cutter (level 7, -8/47 (52) HPs)
             Began as a Human Artificer on Sept 14, 2022.
             Was an Initiate of Gozag.
             Mangled by an ogre
             ... wielding a +0 giant club
              (9 damage)
             ... on level 5 of the Dungeon.
             The game lasted 00:04:39 (5508 turns).

H0rd4k the Cutter (Human Artificer)                 Turns: 5508, Time: 00:04:41

HP:   -8/47 (52)    AC:  5    Str: 12    XL:     7   Next: 51%
MP:   7/7           EV: 12    Int: 13    God:    Gozag
Gold: 301           SH:  0    Dex: 14    Spells: 6/6 levels left

rFire   . . .      SeeInvis .   a - +1 dagger (venom)
rCold   . . .      Faith    .   (no shield)
rNeg    . . .      Spirit   .   b - +0 leather armour
rPois   .          Reflect  .   z - +0 hat
rElec   .          Harm     .   (no cloak)
rCorr   +          Rampage  .   w - +1 pair of gloves
Will    .....                   (no boots)
Stlth   +.........              (no amulet)
HPRegen 0.15/turn               v - ring of resist corrosion
MPRegen 0.10/turn               (no ring)

@: drained
A: no striking features
a: Renounce Religion, Potion Petition, Call Merchant, Bribe Branch


You were on level 5 of the Dungeon.
You worshipped Gozag.
Gozag was aware of your devotion.
You visited 2 branches of the dungeon, and saw 6 of its levels.

You collected 368 gold pieces.
You paid 67 gold pieces to Gozag.

Inventory:

Hand Weapons
 a - a +1 dagger of venom (weapon)
 m - a +1 dagger of pain
 n - a +4 sling of freezing
Missiles
 f - 6 datura-tipped darts
 j - 3 silver javelins
 u - 2 throwing nets
 A - 2 atropa-tipped darts
 D - 6 poisoned darts
Armour
 b - a +0 leather armour (worn)
 w - a +1 pair of gloves (worn)
 x - a +2 robe of resistance
 z - a +0 hat (worn)
 B - an orb of light
Jewellery
 v - a ring of resist corrosion (left hand)
 y - an amulet of faith
Wands
 c - a wand of flame (7) (quivered)
 d - a wand of charming (12)
 e - a wand of iceblast (1)
 C - a wand of paralysis (7)
Scrolls
 g - 2 scrolls of teleportation {unknown}
 i - a scroll of blinking {unknown}
 k - a scroll of vulnerability {unknown}
 o - 2 scrolls of magic mapping {unknown}
 q - 2 scrolls of enchant weapon {unknown}
 r - a scroll of silence {unknown}
 s - 2 scrolls of torment {unknown}
 E - 3 scrolls of identify {unknown}
 F - a scroll of butterflies {unknown}
 G - a scroll of acquirement {unknown}
Potions
 h - 2 potions of curing {unknown}
 l - a potion of might {unknown}
 p - a potion of degeneration {unknown}
 t - a potion of berserk rage {unknown}


   Skills:
 + Level 3.2 Fighting
 + Level 3.9 Short Blades
 + Level 3.3 Maces & Flails
 - Level 2.0 Armour
 + Level 3.7 Dodging
 - Level 1.0 Stealth
 - Level 3.0 Evocations


You had 6 spell levels left.
You didn't know any spells.
Your spell library contained the following spells:

 Spells                   Type           Power      Damage    Failure   Level
 Magic Dart               Conj           0%         1d3       36%         1
 Sandblast                Erth           0%         2d4       36%         1
 Passwall                 Tmut/Erth      0%         N/A       52%         2
 Searing Ray              Conj           0%         2d4       52%         2
 Stone Arrow              Conj/Erth      0%         3d7       75%         3
 Fulminant Prism          Conj/Hex       0%         3d6       98%         4


Dungeon Overview and Level Annotations

Branches:
Dungeon (5/15)             Temple (1/1) D:4

Altars:
Dithmenos
Elyvilon
Fedhas
Gozag
Nemelex Xobeh
Okawaru
Wu Jian
Yredelemnul
Zin
The Shining One


Message History

You see here a +0 hand axe.
An ogre comes into view. It is wielding a +0 giant club.
The ogre shouts!
An ogre is nearby!
An ogre is nearby!
You hit the ogre.
The ogre is poisoned.
The ogre is lightly wounded.
The ogre hits you with a +0 giant club!
You barely miss the ogre.
The ogre is lightly wounded.
The ogre hits you with a +0 giant club!!
* * * LOW HITPOINT WARNING * * *
You hit the ogre.
The ogre looks as sick as possible!
The ogre is lightly wounded.
You hit the ogre but do no damage.
The ogre looks as sick as possible!
The ogre is moderately wounded.
The ogre hits you with a +0 giant club!
* * * LOW HITPOINT WARNING * * *
Aiming: Charm
Press: ? - help, Shift-Dir - straight line, f - ogre
Aim: an ogre, wielding a +0 giant club (moderately wounded, extremely poisoned, chance to affect: 56%)
The ogre resists with significant effort.
Unknown command.
Aiming: Charm
Press: ? - help, Shift-Dir - straight line, f/p - ogre
Aim: an ogre, wielding a +0 giant club (moderately wounded, extremely poisoned, chance to affect: 56%)
The ogre resists with significant effort.
The ogre barely misses you.
Unknown command.
Saving game... please wait.
Welcome back, H0rd4k the Human Artificer.
Gozag says: Greed is good.
Press ? for a list of commands and other information.
Aiming: Charm
Press: ? - help, Shift-Dir - straight line, f - ogre
Aim: an ogre, wielding a +0 giant club (heavily wounded, extremely poisoned, chance to affect: 56%)
The ogre resists with significant effort.
The ogre hits you with a +0 giant club!
You die...
Your body crumbles into a pile of gold.

.. #. $ #.###.
#..#..## #......
...#.# #...# ####.
#..##......
######).@O.#
........######
########.......##
#........#####..######
#.<......# ###........
#........###...#..####
#.......)....#.##...#
#.......))..##........
#.>......##...........


You could see an ogre (extremely poisoned).

Vanquished Creatures
  Sigmund (D:3)
  A scorpion (D:4)
  2 necrophages
  An iguana (D:4)
  An orc wizard (D:4)
  Robin (D:2)
  3 adders
  A worm (D:2)
  A dart slug (D:4)
  13 orcs
  2 bats
  8 endoplasms
  11 giant cockroaches
  13 hobgoblins
  4 quokkas
  6 ball pythons
  A frilled lizard (D:1)
  14 goblins
  5 kobolds
89 creatures vanquished.

Notes
Turn   | Place    | Note
-------+----------+-------------------------------------------
     0 | D:1      | H0rd4k the Human Artificer began the quest for the Orb.
     0 | D:1      | Reached XP level 1. HP: 15/15 MP: 1/1
   502 | D:1      | Reached XP level 2. HP: 17/21 MP: 2/2
  1388 | D:2      | Reached skill level 1 in Maces & Flails
  1388 | D:2      | Noticed Robin
  1391 | D:2      | Killed Robin
  1392 | D:2      | Reached XP level 3. HP: 4/27 MP: 3/3
  1811 | D:2      | Found a faded altar of an unknown god.
  2283 | D:2      | Reached XP level 4. HP: 23/33 MP: 4/4
  3010 | D:3      | Noticed Sigmund
  3014 | D:3      | Killed Sigmund
  3015 | D:3      | Reached XP level 5. HP: 39/39 MP: 5/5
  3015 | D:3      | Reached XP level 6. HP: 46/46 MP: 6/6
  3809 | D:4      | Found a glowing golden altar of the Shining One.
  3811 | D:4      | Noticed an angel
  3836 | D:4      | Found a basalt altar of Yredelemnul.
  3838 | D:4      | Noticed a profane servitor
  3899 | D:4      | Found a glowing silver altar of Zin.
  3941 | D:4      | Found a staircase to the Ecumenical Temple.
  3946 | Temple   | Entered the Ecumenical Temple
  3966 | Temple   | Became a worshipper of Gozag Ym Sagoz the Greedy
  4181 | D:4      | Reached XP level 7. HP: 50/51 MP: 7/7
  4360 | D:4      | Found a shadowy altar of Dithmenos.
  4420 | D:4      | Found an ornate altar of the Wu Jian Council.
  5186 | D:5      | Entered Level 5 of the Dungeon
  5505 | D:5      | HP: 1/47 [ogre/+0 giant club (12)]
  5508 | D:5      | Mangled by an ogre

Illustrated notes

Levels and vault maps discovered:
D:1:      dpeg_arrival_chambers_temple_mockup, layout_basic, minivault_24
D:2:      layout_basic, dreamdust_ecumenical_altar_angels_and_demons, uniq_robin
D:3:      minmay_chambers_of_threes, layout_rooms, uniq_sigmund
D:4:      layout_gridville, grunt_temple_overflow_holy_war,
          general_overflow_altar, mainiacjoe_overflow_cross_hatched,
          grunt_dithmenos_smoke, minmay_temple_entry_wispy,
          kennysheep_generic_room_3
D:5:      layout_rooms, amcnicky_mini_corridor_feature, minmay_misc_feat_room
Temple:   nicolae_temple_god_jail

Skill      XL: |  1  2  3  4  5  6  7 |
---------------+----------------------+-----
Maces & Flails | 1 2 3 |  3.3
Dodging        | 2 3 |  3.7
Fighting       | 2 3 |  3.2
Short Blades   | 2 3 |  3.9
Armour         | |  2.0
Stealth        | |  1.0
Evocations     | |  3.0

Action                   |  1- 3 |  4- 6 |  7- 9 || total
-------------------------+-------+-------+-------++-------
Melee: Club              |    64 |       |       ||    64
       Punch             |     3 |     4 |     1 ||     8
       Dagger            |    35 |   180 |    83 ||   298
Evoke: Wand              |     8 |     3 |     4 ||    15
 Stab: Sleeping          |     1 |     2 |     1 ||     4
       Distracted        |       |     1 |       ||     1
Armor: Leather armour    |    18 |    44 |    12 ||    74
Dodge: Dodged            |    64 |    92 |    34 ||   190
